 Dungeon Crawl Stone Soup version 0.31-a0-542-gdc2a67831c (webtiles) character file.

Game seed: 7471996181941041946

101 spiderkeys the Insei (level 4, 0/29 HPs)
             Began as an Octopode Shapeshifter on Aug 14, 2023.
             Slain by an orc warrior
             ... wielding a +0 glaive
              (14 damage)
             ... on level 4 of the Dungeon.
             The game lasted 00:02:19 (1968 turns).

spiderkeys the Insei (Octopode Shapeshifter)        Turns: 1968, Time: 00:02:19

Health: 0/29       AC:  5    Str: 14    XL:     4   Next: 75%
Magic:  4/4        EV: 13    Int: 16    God:
Gold:   134        SH:  0    Dex: 14    Spells: 3/3 levels left

rFire   . .          .
                       - Unarmed
rCold   . . .        m - orb {mayhem}
rNeg    . . .        (helmet currently unavailable)
rPois   .            (no amulet)
rElec   .            I - +6 ring of intelligence
rCorr   .            O - +4 ring of protection
SInv    .            (no ring)
Will    .....        (no ring)
Stlth   ++           (no ring)
HPRegen 0.24/turn    (no ring)
MPRegen 0.09/turn    (no ring)
                     (no ring)

%: mayhem
@: about to teleport, beast-form
A: beast (slay +2), almost no armour, amphibious, 8 rings, camouflage 1,
gelatinous body 1, (nimble swimmer 1), tentacles
a: Begin Untransformation


You were on level 4 of the Dungeon.
You were a hulking beast.
You visited 1 branch of the dungeon, and saw 4 of its levels.

You collected 134 gold pieces.


Innate Abilities, Weirdness & Mutations

You are a hulking beast.
Your limbs bulge with bestial killing power. (Slay +2)
You cannot wear most types of armour.
You are amphibious.
You can wear up to eight rings at the same time.
Your skin changes colour to match your surroundings (Stealth+).
Your rubbery body absorbs attacks. (AC +1, EV +1)
((You are camouflaged when in or above water. (Stealth+)))
You have tentacles for arms and can constrict up to eight enemies at once.


   Skills:
 + Level 2.1 Fighting
 + Level 2.8 Dodging
 + Level 3.7 Unarmed Combat
 + Level 3.5 Shapeshifting


You had 3 spell levels left.
You didn't know any spells.
Your spell library contained the following spells:

 Spells                   Type           Power      Damage    Failure   Level
 Magic Dart               Conj           0%         1d3       26%         1
 Slow                     Hex            0%         N/A       26%         1
 Searing Ray              Conj           0%         2d4       36%         2
 Confusing Touch          Hex            0%         N/A       58%         3
 Dazzling Flash           Conj/Hex       0%         N/A       58%         3
 Vampiric Draining        Necr           0%         2d6       58%         3
 Fulminant Prism          Conj/Hex       0%         3d5       94%         4
 Leda's Liquefaction      Hex/Erth       0%         N/A       94%         4
 Agony                    Necr           0%         N/A       100%        5
 Lee's Rapid Deconstruct  Erth           0%         3d4*      100%        5
 Silence                  Hex/Air        0%         N/A       100%        5
 Leda's Unmaking          Conj/Erth      0%         9d1       100%        6

Inventory:

Missiles
 f - 6 atropa-tipped darts
 h - 27 stones
Armour
 m - an orb of mayhem (worn)
   (You found it on level 3 of the Dungeon)
Jewellery
 I - a +6 ring of intelligence (left tentacle)
   (You found it on level 3 of the Dungeon)
 O - a +4 ring of protection (right tentacle)
   (You found it on level 1 of the Dungeon)
Talismans
 b - a beast talisman (active)
 c - a flux talisman
 o - a serpent talisman
   (You found it on level 3 of the Dungeon)
Scrolls
 e - a scroll of teleportation {@r4}
 j - a scroll of vulnerability {!r!r}
Potions
 a - 3 potions of lignification {!q}
 d - 2 potions of curing {unknown}
 g - a potion of berserk rage {unknown}
 i - a potion of degeneration {unknown}
 l - a potion of brilliance {unknown}
 n - 3 potions of haste {unknown}

Dungeon Overview and Level Annotations

Branches:
Dungeon (4/15) Zot: 22037
 Temple: D:4-7

Altars:
Dithmenos
Hepliaklqana

# ##..# #..## ###
##..## ..#
##..###########.
....#
##..##........#
...## #......######
..## ##..#...###
..# #..#......#
.... ##h........#
.....
...#####.........##
.....
......)o.......###
....).)..#######
..........#
....o.....#
...........
?........#.#
........##.#


You could see an orc and a neutral orc warrior (fast, strong, insane).


Message History

A ball python comes into view.
A ball python is nearby!
The ball python hisses angrily.
You bludgeon the ball python!
You kill the ball python!
No target in view!
No target in view!
No target in view!
a - 3 potions of lignification {!q} (gained 1)
e - 2 scrolls of teleportation {@r4} (gained 1) Key pressed, stopping explore.
Found an embroidered cloak.
n - 3 golden potions (gained 1)
You pick up a book of the Earth and begin reading...
You add the spells Leda's Liquefaction, Lee's Rapid Deconstruction and Leda's Unmaking to your library.
No target in view!
As you read the scroll labelled SAIVYR VULO, it crumbles to dust.
Your body is wracked with pain!
It was a scroll of torment. 😮 HP[-12]
You take 12 damage, and now have 17/29 hp.
MASSIVE DAMAGE!! (PAUSE) Unknown command.
You start resting. 😎 HP[+12]
Your hp is fully restored (29).
Key pressed, stopping explore.
Key pressed, stopping explore.
A ball python comes into view.
A ball python comes into view.
The ball python hisses angrily. x2
The ball python closely misses you. The ball python grabs you.
The ball python constricts you. 😕 HP[-1]
You take 1 damage, and now have 28/29 hp.
You bludgeon the ball python!
You kill the ball python!
The ball python flies into a frenzy!
The ball python closely misses you. The ball python grabs you.
The ball python constricts you.
The ball python bites you but does no damage.
The ball python constricts you.
You see here a ball python corpse.
You bludgeon the ball python!
You kill the ball python!
Found a stone staircase leading up. 😎 HP[+1]
Your hp is fully restored (29).
An iguana comes into view.
An iguana is nearby!
The iguana hisses angrily.
The iguana barely misses you.
You tentacle-slap the iguana. You grab the iguana. You squeeze the iguana!
You constrict the iguana, but do no damage.
The iguana misses you.
You tentacle-slap the iguana.
You kill the iguana!
No target in view!
You see here a +0 helmet.
Key pressed, stopping explore.
You now have 134 gold pieces (gained 8).
Key pressed, stopping explore.
An orc comes into view. It is wielding a +0 dagger.
The orc shouts!
You hear a shout! x2
An orc comes into view. It is wielding a +0 flail.
The orc shouts!
An orc warrior comes into view. It is wielding a +0 glaive.
An orc comes into view. It is wielding a +0 dagger.
The orc misses you.
You tentacle-slap the orc but do no damage.
You grab the orc. You squeeze the orc!
You kill the orc!
The orc flies into a frenzy!
The orc closely misses you.
You hear a shout!
You tentacle-slap the orc but do no damage.
You grab the orc.
You constrict the orc, but do no damage.
The orc closely misses you.
You tentacle-slap the orc. You squeeze the orc, but do no damage.
You constrict the orc. The orc completely misses you.
An orc comes into view. It is wielding a +0 dagger.
You tentacle-slap the orc.
You kill the orc!
The orc warrior flies into a frenzy!
The orc warrior hits the orc with a +0 glaive!!
The orc dies!
Okay, then.
The orc warrior hits you from afar with a +0 glaive!
Ouch! That really hurt!
* * * LOW HITPOINT WARNING * * *
😨 HP[-16]
You take 16 damage, and now have 13/29 hp.
MASSIVE DAMAGE!! (PAUSE)
As you read the scroll of teleportation {@r4}, it crumbles to dust.
You feel strangely unstable. The orc warrior barely misses you.
The orc warrior hits you from afar with a +0 glaive!
You die...

Skill      XL: |  1  2  3  4 |
---------------+-------------+-----
Fighting       | 2 |  2.1
Dodging        | |  2.8
Unarmed Combat | |  3.7
Shapeshifting  | |  3.5

Action                     |  1- 3 |  4- 6 || total
---------------------------+-------+-------++-------
  Melee: Unarmed           |    61 |    12 ||    73
         Constrict         |    18 |     4 ||    22
         Tentacles         |    13 |     3 ||    16
         Punch             |     1 |     1 ||     2
    Use: Scroll            |     7 |     2 ||     9
   Stab: Sleeping          |     7 |       ||     7
 Armour: Skin              |     6 |     1 ||     7
  Dodge: Dodged            |    36 |     9 ||    45

Levels and vault maps discovered:
D:1:      minmay_arrival_diagonal_passages, layout_rooms,
          hangedman_decor_opposing
D:2:      layout_loops_ring, hellmonk_ecumenical_altar_pennies_from_heaven
D:3:      layout_rooms, riverfiend_overflow_shadow_ancestor
D:4:      layout_cave_pods, mainiacjoe_overflow_alcove_1

Notes
Turn   | Place    | Note
-------+----------+-------------------------------------------
     0 | D:1      | spiderkeys the Octopode Shapeshifter began the quest for
                  | the Orb.
     0 | D:1      | Reached XP level 1. HP: 13/13 MP: 1/1
     0 | D:1      | magus.rc [v1.11.6]
    72 | D:1      | HP: 3/13 [hobgoblin (4)]
    75 | D:1      | Reached XP level 2. HP: 4/18 MP: 2/2
   738 | D:2      | Found a faded altar of an unknown god.
   820 | D:2      | Reached XP level 3. HP: 21/23 MP: 3/3
   997 | D:2      | You add the spells Slow, Vampiric Draining and Confusing
                  | Touch to your library.
  1349 | D:3      | You add the spells Dazzling Flash, Agony and Silence to
                  | your library.
  1404 | D:3      | Reached XP level 4. HP: 22/29 MP: 4/4
  1512 | D:3      | Found a shadowy altar of Dithmenos.
  1512 | D:3      | Noticed a shadow
  1513 | D:3      | Found a hazy altar of Hepliaklqana.
  1569 | D:3      | Reached skill level 2 in Fighting
  1696 | D:4      | You add the spells Magic Dart, Searing Ray and Fulminant
                  | Prism to your library.
  1750 | D:4      | You add the spells Leda's Liquefaction, Lee's Rapid
                  | Deconstruction and Leda's Unmaking to your library.
  1960 | D:4      | Noticed an orc warrior
  1968 | D:4      | Slain by an orc warrior

Vanquished Creatures
  An iguana (D:4)
  2 adders
  A worm (D:3)
  2 orcs (D:4)
  4 endoplasms
  2 giant cockroaches
  3 goblins
  5 hobgoblins
  3 jackals (D:2)
  A quokka (D:1)
  10 ball pythons
  4 bats
  A frilled lizard (D:3)
  6 kobolds
  2 rats
47 creatures vanquished.

Vanquished Creatures (collateral kills)
  An orc (D:4)
1 creature vanquished.

Grand Total: 48 creatures vanquished

Table legend:
 A = Non-vault XP
 B = Vault XP
 C = Vault XP percentage of total XP
 D = Non-vault monster count
 E = Vault monster count
 F = Vault count percentage of total count
                 A         B        C        D         E       F
            +---------+---------+-------+---------+---------+-------
      Total |     145 |       0 |   0.0 |      48 |       0 |   0.0
            +---------+---------+-------+---------+---------+-------
        D:1 |      27 |       0 |   0.0 |      17 |       0 |   0.0
        D:2 |      33 |       0 |   0.0 |      12 |       0 |   0.0
        D:3 |      35 |       0 |   0.0 |      12 |       0 |   0.0
        D:4 |      50 |       0 |   0.0 |       7 |       0 |   0.0
            +---------+---------+-------+---------+---------+-------

Skill      XL: |  1  2  3  4 |
---------------+-------------+-----
Fighting       | 2 |  2.1
Dodging        | |  2.8
Unarmed Combat | |  3.7
Shapeshifting  | |  3.5

Action                     |  1- 3 |  4- 6 || total
---------------------------+-------+-------++-------
  Melee: Unarmed           |    61 |    12 ||    73
         Constrict         |    18 |     4 ||    22
         Tentacles         |    13 |     3 ||    16
         Punch             |     1 |     1 ||     2
    Use: Scroll            |     7 |     2 ||     9
   Stab: Sleeping          |     7 |       ||     7
 Armour: Skin              |     6 |     1 ||     7
  Dodge: Dodged            |    36 |     9 ||    45

Illustrated notes

Table legend:
 A = Kills in this place as a percentage of kills in the entire game.
 B = Kills by you in this place as a percentage of kills by you in the entire game.
 C = Kills by friends in this place as a percentage of kills by friends in the entire game.
 D = Other kills in this place as a percentage of other kills in the entire game.
 E = Experience gained in this place as a percentage of experience gained in the entire game.
 F = Experience gained in this place divided by the number of levels of this place that you have seen.
                   A       B       C       D       E      F
               +-------+-------+-------+-------+-------+----------------------
         Total | 100.0 | 100.0 | 100.0 |   N/A | 100.0 |  36.2
       Dungeon | 100.0 | 100.0 | 100.0 |   N/A | 100.0 |  36.2
               +-------+-------+-------+-------+-------+----------------------

Table legend: (Time is in decaauts)
 A = Elapsed time spent in this place.
 B = Non-inter-level travel time spent in this place.
 C = Inter-level travel time spent in this place.
 D = Time resting spent in this place.
 E = Time spent auto-exploring this place.
 F = Levels seen in this place.
 G = Mean time per level.
                   A        B        C        D        E       F      G
               +--------+--------+--------+--------+--------+-----+--------+
         Total |   1961 |   1895 |     66 |     54 |   1554 |   4 |  490.2 |
       Dungeon |   1961 |   1895 |     66 |     54 |   1554 |   4 |  490.2 |
               +--------+--------+--------+--------+--------+-----+--------+

Top non-repeatable levels by time:
     D:2: 615 daAuts
     D:1: 555 daAuts
     D:3: 480 daAuts
     D:4: 310 daAuts
